TOP OF THE 1ST |
Omaha Storm Chasers batting - Pitching for Tacoma Rainiers : RHP Josh Newell
|
Pitching: RHP Josh Newell
|
|
Batting: RHB Kevin Wimberly
|
0-0: Foul Ball, location: 2F 0-1: Called Strike 0-2: Strikes out looking
|
Batting: SHB Ryoji Hiraoka
|
0-0: Fly out, F9 (Line Drive, 9S, EV 98.1 MPH)
|
Batting: RHB Adam Martin
|
0-0: Ball 1-0: Called Strike 1-1: Ball 2-1: Foul Ball, location: 2F 2-2: Ground out 5-3 (Groundball, 5L, EV 89.4 MPH)
|
Top of the 1st over - 0 runs, 0 hits, 0 errors, 0 left on base; Omaha 0 - Tacoma 0 |
BOTTOM OF THE 1ST |
Tacoma Rainiers batting - Pitching for Omaha Storm Chasers : RHP Jim Haggart
|
Pitching: RHP Jim Haggart
|
|
Batting: RHB Julian Gregory
|
0-0: Ball 1-0: Ball 2-0: Ball 3-0: Called Strike 3-1: Base on Balls
|
Batting: LHB Addisu Nyamekye
|
0-0: Fly out, F8 (Line Drive, 8RD, EV 90.0 MPH)
|
Batting: RHB Chris Skaff
|
0-0: Called Strike Julian Gregory steals 2nd base 0-1: Called Strike 0-2: DOUBLE (Groundball, 3L, EV 103.8 MPH) Julian Gregory scores
|
Batting: LHB Ryan Lowe
|
0-0: Foul Ball, location: 2F 0-1: Ball 1-1: Swinging Strike 1-2: Strikes out looking
|
Batting: LHB Jawad Fahad
|
0-0: Called Strike 0-1: Ball 1-1: Ball 2-1: Ball 3-1: Foul Ball, location: 2F 3-2: Ground out 4-3 (Groundball, 4, EV 103.8 MPH)
|
Bottom of the 1st over - 1 run, 1 hit, 0 errors, 1 left on base; Omaha 0 - Tacoma 1 |
TOP OF THE 2ND |
Omaha Storm Chasers batting - Pitching for Tacoma Rainiers : RHP Josh Newell
|
Batting: RHB Kazuki Arai
|
0-0: Ball 1-0: SINGLE (Line Drive, 4MD, EV 95.6 MPH)
|
Batting: LHB Robby Diaz
|
0-0: Called Strike 0-1: Ball 1-1: Called Strike 1-2: Ball 2-2: SINGLE (Flyball, 4D, EV 93.1 MPH) Kazuki Arai to second
|
Batting: RHB Taisei Fujii
|
0-0: Ball 1-0: Ball 2-0: Foul Ball, location: 2F 2-1: Foul Ball, location: 2F 2-2: Foul Ball, location: 2F 2-2: Ball 3-2: Base on Balls Kazuki Arai to third Robby Diaz to second
|
Batting: SHB Bill Ertl
|
0-0: Ball 1-0: Called Strike 1-1: Ball 2-1: Foul Ball, location: 2F 2-2: Fly out, F8 (Flyball, 8RD, EV 100.6 MPH)
|
Batting: RHB Ken Postlethwaite
|
0-0: Ball 1-0: Grounds into double play, 6-4-3 (Groundball, 6S, EV 85.0 MPH)
|
Top of the 2nd over - 0 runs, 2 hits, 0 errors, 2 left on base; Omaha 0 - Tacoma 1 |
BOTTOM OF THE 2ND |
Tacoma Rainiers batting - Pitching for Omaha Storm Chasers : RHP Jim Haggart
|
Batting: RHB Zach Downs
|
0-0: Ball 1-0: Called Strike 1-1: Foul Ball, location: 2F 1-2: Strikes out swinging
|
Batting: LHB Josh Pittman
|
0-0: Ball 1-0: Ball 2-0: Ball 3-0: Called Strike 3-1: Base on Balls
|
Batting: RHB Lamberto Amicis
|
0-0: Ball 1-0: Called Strike 1-1: Ball 2-1: Called Strike 2-2: Strikes out swinging
|
Batting: LHB Matt Hepburn
|
0-0: Foul Ball, location: 2F 0-1: Fielders Choice at 2nd, 6-4 (Groundball, 6, EV 82.5 MPH)
|
Bottom of the 2nd over - 0 runs, 0 hits, 0 errors, 1 left on base; Omaha 0 - Tacoma 1 |
TOP OF THE 3RD |
Omaha Storm Chasers batting - Pitching for Tacoma Rainiers : RHP Josh Newell
|
Batting: RHB Jason Birge
|
0-0: Ball 1-0: Ground out 5-3 (Groundball, 5S, EV 71.9 MPH)
|
Batting: RHB Kevin Wimberly
|
0-0: DOUBLE (Groundball, 5L, EV 103.8 MPH)
|
Batting: SHB Ryoji Hiraoka
|
0-0: Ball 1-0: Called Strike 1-1: Ball 2-1: TRIPLE (Flyball, 89XD, EV 100.0 MPH) Kevin Wimberly scores
|
Batting: RHB Adam Martin
|
0-0: Ball 1-0: Ball 2-0: Ball 3-0: Base on Balls
|
Batting: RHB Kazuki Arai
|
0-0: Foul Ball, location: 2F Pickoff Throw to First - Out! 1-3 0-1: Swinging Strike 0-2: Ground out 5-3 (Groundball, 56, EV 88.1 MPH)
|
Top of the 3rd over - 1 run, 2 hits, 0 errors, 1 left on base; Omaha 1 - Tacoma 1 |
BOTTOM OF THE 3RD |
Tacoma Rainiers batting - Pitching for Omaha Storm Chasers : RHP Jim Haggart
|
Batting: RHB Julian Gregory
|
0-0: Ball 1-0: Ball 2-0: Ball 3-0: Called Strike 3-1: Base on Balls
|
Batting: LHB Addisu Nyamekye
|
0-0: Ball 1-0: Ball 2-0: Ball 3-0: Base on Balls Julian Gregory to second
|
Batting: RHB Chris Skaff
|
0-0: Called Strike 0-1: Called Strike 0-2: Foul Ball, location: 2F 0-2: Foul Ball, location: 2F 0-2: Ball 1-2: Ball 2-2: Foul Ball, location: 2F 2-2: Ball 3-2: Grounds into double play, 1-4-3 (Groundball, P, EV 72.5 MPH) Julian Gregory to third
|
Batting: LHB Ryan Lowe
|
0-0: Ball 1-0: Called Strike 1-1: Ball 2-1: Swinging Strike 2-2: Strikes out looking
|
Bottom of the 3rd over - 0 runs, 0 hits, 0 errors, 1 left on base; Omaha 1 - Tacoma 1 |
TOP OF THE 4TH |
Omaha Storm Chasers batting - Pitching for Tacoma Rainiers : RHP Josh Newell
|
Batting: LHB Robby Diaz
|
0-0: Ball 1-0: Ball 2-0: Called Strike 2-1: SINGLE (Flyball, 7LS, EV 95.0 MPH)
|
Batting: RHB Taisei Fujii
|
0-0: Foul Ball, location: 2F 0-1: Foul Ball, location: 2F 0-2: Ball 1-2: Foul Ball, location: 2F 1-2: Foul Ball, location: 2F 1-2: 2-RUN HOME RUN (Flyball, 78XD, EV 103.1 MPH), Distance : 408 ft
|
Batting: SHB Bill Ertl
|
0-0: Ground out 4-3 (Groundball, 4, EV 91.9 MPH)
|
Batting: RHB Ken Postlethwaite
|
0-0: Fly out, F8 (Flyball, 78M, EV 98.8 MPH)
|
Batting: RHB Jason Birge
|
0-0: Ball 1-0: Ball 2-0: DOUBLE (Line Drive, 78D, EV 107.5 MPH)
|
Batting: RHB Kevin Wimberly
|
0-0: Called Strike 0-1: Swinging Strike 0-2: Ball 1-2: Ball 2-2: Strikes out swinging
|
Top of the 4th over - 2 runs, 3 hits, 0 errors, 1 left on base; Omaha 3 - Tacoma 1 |
BOTTOM OF THE 4TH |
Tacoma Rainiers batting - Pitching for Omaha Storm Chasers : RHP Jim Haggart
|
Pitching: RHP Junsuke Abe
|
|
Batting: LHB Jawad Fahad
|
0-0: Ball 1-0: Ball 2-0: Ball 3-0: Base on Balls
|
Batting: RHB Zach Downs
|
0-0: Ball 1-0: Ball 2-0: Swinging Strike 2-1: Ball 3-1: Base on Balls Jawad Fahad to second
|
Batting: LHB Josh Pittman
|
0-0: Ball Jawad Fahad steals 3rd base 1-0: Called Strike 1-1: Swinging Strike 1-2: Ball 2-2: SINGLE (Groundball, 56D, EV 101.2 MPH) Jawad Fahad scores Zach Downs to second
|
Batting: RHB Lamberto Amicis
|
0-0: Called Strike 0-1: Called Strike 0-2: Ball 1-2: Strikes out looking
|
Pinch Hitting: RHB Marco Diaz
|
0-0: Ball 1-0: Ball 2-0: Grounds into double play, 5-4-3 (Groundball, 56, EV 101.9 MPH)
|
Bottom of the 4th over - 1 run, 1 hit, 0 errors, 1 left on base; Omaha 3 - Tacoma 2 |
TOP OF THE 5TH |
Omaha Storm Chasers batting - Pitching for Tacoma Rainiers : RHP Josh Newell
|
Now in CF: Julian Gregory
|
|
Now in RF: Hideo Okimura
|
|
Batting: SHB Ryoji Hiraoka
|
0-0: Ball 1-0: Ball 2-0: Ball 3-0: Called Strike 3-1: SINGLE (Groundball, 3S, EV 71.2 MPH) (infield hit)
|
Batting: RHB Adam Martin
|
0-0: SINGLE (Groundball, 6S, EV 63.8 MPH) (infield hit) Ryoji Hiraoka to second
|
Batting: RHB Kazuki Arai
|
0-0: Called Strike 0-1: Swinging Strike 0-2: Strikes out swinging
|
Batting: LHB Robby Diaz
|
0-0: Called Strike 0-1: Hit by Pitch Ryoji Hiraoka to third Adam Martin to second
|
Batting: RHB Taisei Fujii
|
0-0: Ball 1-0: Called Strike 1-1: Called Strike 1-2: Ball 2-2: Fly out, F8 (Flyball, 8RD, EV 97.5 MPH) Runner from 3rd tags up, SCORES, no throw by CF
|
Batting: SHB Bill Ertl
|
0-0: Ground out 4-3 (Groundball, 4, EV 84.4 MPH)
|
Top of the 5th over - 1 run, 2 hits, 0 errors, 2 left on base; Omaha 4 - Tacoma 2 |
BOTTOM OF THE 5TH |
Tacoma Rainiers batting - Pitching for Omaha Storm Chasers : RHP Junsuke Abe
|
Batting: RHB Julian Gregory
|
0-0: Called Strike 0-1: Ground out 4-3 (Groundball, 4, EV 87.5 MPH)
|
Batting: LHB Addisu Nyamekye
|
0-0: Ball 1-0: Foul Ball, location: 2F 1-1: Foul Ball, location: 2F 1-2: Strikes out swinging
|
Batting: RHB Chris Skaff
|
0-0: Called Strike 0-1: Ball 1-1: Foul Ball, location: 2F 1-2: Ball 2-2: Strikes out swinging
|
Bottom of the 5th over - 0 runs, 0 hits, 0 errors, 0 left on base; Omaha 4 - Tacoma 2 |
TOP OF THE 6TH |
Omaha Storm Chasers batting - Pitching for Tacoma Rainiers : RHP Josh Newell
|
Batting: RHB Ken Postlethwaite
|
0-0: Ball 1-0: Ground out 6-3 (Groundball, 6, EV 105.0 MPH)
|
Batting: RHB Jason Birge
|
0-0: Called Strike 0-1: Ball 1-1: Ground out U3 (Groundball, 34S, EV 74.4 MPH)
|
Batting: RHB Kevin Wimberly
|
0-0: Ball 1-0: Ball 2-0: Swinging Strike 2-1: Ground out 6-3 (Groundball, 6, EV 101.9 MPH)
|
Top of the 6th over - 0 runs, 0 hits, 0 errors, 0 left on base; Omaha 4 - Tacoma 2 |
BOTTOM OF THE 6TH |
Tacoma Rainiers batting - Pitching for Omaha Storm Chasers : RHP Junsuke Abe
|
Batting: LHB Ryan Lowe
|
0-0: Called Strike 0-1: Ball 1-1: Swinging Strike 1-2: Ball 2-2: Foul Ball, location: 2F 2-2: Strikes out looking
|
Batting: LHB Jawad Fahad
|
0-0: Called Strike 0-1: Ground out 4-3 (Groundball, 4, EV 86.2 MPH)
|
Batting: RHB Zach Downs
|
0-0: Ball 1-0: Ball 2-0: Called Strike 2-1: Ground out U3 (Groundball, 3, EV 105.6 MPH)
|
Bottom of the 6th over - 0 runs, 0 hits, 0 errors, 0 left on base; Omaha 4 - Tacoma 2 |
TOP OF THE 7TH |
Omaha Storm Chasers batting - Pitching for Tacoma Rainiers : RHP Josh Newell
|
Batting: SHB Ryoji Hiraoka
|
0-0: Ball 1-0: Ball 2-0: Ball 3-0: Called Strike 3-1: Called Strike 3-2: Base on Balls
|
Batting: RHB Adam Martin
|
0-0: Ball 1-0: Called Strike Ryoji Hiraoka steals 2nd base 1-1: Called Strike 1-2: SINGLE (Groundball, 6MD, EV 98.1 MPH) Ryoji Hiraoka to third
|
Pitching: LHP Rentaro Minami
|
|
Batting: RHB Kazuki Arai
|
0-0: Ball 1-0: Foul Ball, location: 2F 1-1: Called Strike 1-2: Ball 2-2: Foul Ball, location: 2F 2-2: Strikes out swinging
|
Batting: LHB Robby Diaz
|
0-0: Called Strike 0-1: Ball 1-1: Ball 2-1: Foul Ball, location: 2F 2-2: Ball 3-2: Base on Balls Adam Martin to second
|
Batting: RHB Taisei Fujii
|
0-0: Ball 1-0: Called Strike 1-1: Ball 2-1: Foul Ball, location: 2F 2-2: Ball 3-2: Base on Balls Ryoji Hiraoka scores Adam Martin to third Robby Diaz to second
|
Batting: SHB Bill Ertl
|
0-0: Ball 1-0: Ball 2-0: Grounds into fielders choice 6-2 (Groundball, 6, EV 88.1 MPH) Robby Diaz to third Taisei Fujii to second
|
Batting: RHB Ken Postlethwaite
|
0-0: Ball Wild Pitch! Robby Diaz scores Taisei Fujii to third Bill Ertl to second 1-0: Called Strike 1-1: Fly out, F4 (Flyball, 34D, EV 81.2 MPH)
|
Top of the 7th over - 2 runs, 1 hit, 0 errors, 2 left on base; Omaha 6 - Tacoma 2 |
BOTTOM OF THE 7TH |
Tacoma Rainiers batting - Pitching for Omaha Storm Chasers : RHP Junsuke Abe
|
Pitching: RHP Ian Current
|
|
Batting: LHB Josh Pittman
|
0-0: Ball 1-0: Ball 2-0: Ball 3-0: Foul Ball, location: 2F 3-1: Foul Ball, location: 2F 3-2: Hit by Pitch
|
Pinch Runner at 1st Steve Martin:
|
|
Batting: RHB Lamberto Amicis
|
0-0: Ball 1-0: Ball 2-0: Bunt missed! 2-1: Bunted foul 2-2: Strikes out swinging Steve Martin steals 2nd base Batter strikes out.
|
Batting: RHB Hideo Okimura
|
0-0: Ball 1-0: Called Strike 1-1: Foul Ball, location: 2F 1-2: Ball 2-2: Strikes out swinging
|
Batting: RHB Julian Gregory
|
0-0: Called Strike 0-1: Ball 1-1: Ball 2-1: Foul Ball, location: 2F 2-2: Ball 3-2: Foul Ball, location: 2F 3-2: Strikes out looking
|
Bottom of the 7th over - 0 runs, 0 hits, 0 errors, 1 left on base; Omaha 6 - Tacoma 2 |
TOP OF THE 8TH |
Omaha Storm Chasers batting - Pitching for Tacoma Rainiers : LHP Rentaro Minami
|
Pitching: RHP Jose Lopez
|
|
Now in LF: Steve Martin
|
|
Batting: RHB Jason Birge
|
0-0: Ground out 6-3 (Groundball, 6, EV 86.9 MPH)
|
Batting: RHB Kevin Wimberly
|
0-0: Ball 1-0: Ball 2-0: Foul Ball, location: 2F 2-1: Ball 3-1: Base on Balls
|
Batting: SHB Ryoji Hiraoka
|
0-0: Ball 1-0: Called Strike 1-1: Called Strike 1-2: Ball 2-2: Ball 3-2: Fly out, F4 (Line Drive, 4, EV 71.2 MPH)
|
Batting: RHB Adam Martin
|
0-0: Called Strike 0-1: Ball 1-1: Ball 2-1: DOUBLE (Flyball, 78D, EV 101.9 MPH) Kevin Wimberly to third
|
Batting: RHB Kazuki Arai
|
0-0: Ball 1-0: Ball 2-0: Foul Ball, location: 2F 2-1: Foul Ball, location: 2F 2-2: 3-RUN HOME RUN (Flyball, 8RXD, EV 109.4 MPH), Distance : 452 ft
|
Pinch Hitting: SHB Arturo Baez
|
0-0: Ball 1-0: Ground out 2-3 (Groundball, 2L, EV 71.9 MPH)
|
Top of the 8th over - 3 runs, 2 hits, 0 errors, 0 left on base; Omaha 9 - Tacoma 2 |
BOTTOM OF THE 8TH |
Tacoma Rainiers batting - Pitching for Omaha Storm Chasers : RHP Ian Current
|
Now in RF: Arturo Baez
|
|
Pinch Hitting: RHB John Britton
|
0-0: Called Strike 0-1: Called Strike 0-2: Foul Ball, location: 2F 0-2: Foul Ball, location: 2F 0-2: Ball 1-2: Foul Ball, location: 2F 1-2: Strikes out looking
|
Batting: RHB Chris Skaff
|
0-0: Swinging Strike 0-1: Ball 1-1: Called Strike 1-2: Ball 2-2: Fly out, F9 (Flyball, 9D, EV 83.1 MPH)
|
Batting: LHB Ryan Lowe
|
0-0: Ball 1-0: Ball 2-0: Ball 3-0: Called Strike 3-1: Base on Balls
|
Pinch Hitting: RHB James Bickel
|
0-0: Swinging Strike 0-1: Foul Ball, location: 2F 0-2: Strikes out swinging
|
Bottom of the 8th over - 0 runs, 0 hits, 0 errors, 1 left on base; Omaha 9 - Tacoma 2 |
TOP OF THE 9TH |
Omaha Storm Chasers batting - Pitching for Tacoma Rainiers : RHP Jose Lopez
|
Now at 2B: Steve Martin
|
|
Now at 3B: James Bickel
|
|
Now in LF: John Britton
|
|
Batting: RHB Taisei Fujii
|
0-0: Ball 1-0: Ball 2-0: Ball 3-0: Called Strike 3-1: Base on Balls
|
Batting: SHB Bill Ertl
|
0-0: Called Strike 0-1: Ball Passed Ball! Taisei Fujii to second 1-1: Ball 2-1: Swinging Strike 2-2: Strikes out swinging
|
Batting: RHB Ken Postlethwaite
|
0-0: Ball 1-0: Foul Ball, location: 2F 1-1: Swinging Strike 1-2: Fly out, F8 (Flyball, 8RM, EV 91.2 MPH)
|
Batting: RHB Jason Birge
|
0-0: Foul Ball, location: 2F 0-1: Single, Error in OF, E9, batter to second base (Line Drive, 34D, EV 93.8 MPH) Taisei Fujii scores
|
Batting: RHB Kevin Wimberly
|
0-0: Ground out 5-3 (Groundball, 5S, EV 68.8 MPH)
|
Top of the 9th over - 1 run, 1 hit, 1 error, 1 left on base; Omaha 10 - Tacoma 2 |
BOTTOM OF THE 9TH |
Tacoma Rainiers batting - Pitching for Omaha Storm Chasers : RHP Ian Current
|
Pinch Hitting: RHB Josh Carpenter
|
0-0: Foul Ball, location: 2F 0-1: Ball 1-1: Ball 2-1: Foul Ball, location: 2F 2-2: Strikes out swinging
|
Pitching: RHP Justin Nipper
|
|
Batting: RHB Steve Martin
|
0-0: Called Strike 0-1: Ball 1-1: Ground out U3 (Groundball, 34, EV 80.6 MPH)
|
Batting: RHB Lamberto Amicis
|
0-0: Called Strike 0-1: Ball 1-1: Foul Ball, location: 2F 1-2: Strikes out swinging
|
Bottom of the 9th over - 0 runs, 0 hits, 0 errors, 0 left on base; Omaha 10 - Tacoma 2 |
|